Match 28149066
Unlisted

Match 28149066
End
Selects Armored Battlegroup
Construct Barracks
Riflemen Squad
Riflemen Squad
Riflemen Squad
Grenade Package
Mechanized Support Center
Selects Veteran Crews
Selects M31 Recovery Vehicle
Construct Motor Pool
Engineer Squad
M8 Greyhound Armored Car
CAuMOH
sniper shot reduces your mom lif
Sábado Gigante
Cool Whhip
0
0

Comments sign in to comment!

No comments posted yet!